Coyotes vs Blues (R3)

Created - May 17, 2020 at 22:43

Goals
1 2 3 T
Coyotes 0 1 2 3
Blues 0 1 1 2
Shots
1 2 3 T
Coyotes 4 19 10 33
Blues 12 10 4 26

1st period

No Goal

Penalties :
Anton Stralman (Ari) for Hooking (Minor) at 7:15, Yann Sauvé (STL) for Goalie Interference (Minor) at 16:09

2nd period

1. Coyotes , Zach Parise 1 (Kristopher Letang 1, Brad Richards 2) at 6:02 (PP)
2. Blues , D.J King 1 (Cody Ceci 2, Drew Shore 1) at 14:35

Penalties :
Nicklas Backstrom (STL) for Hooking (Minor) at 5:22, Zach Parise (Ari) for Roughing (Minor) at 6:14, Jake Gardiner (STL) for Hooking (Minor) at 10:28, Filip Forsberg (STL) for Hooking (Minor) at 15:28, Kurt Sauer (STL) for Slashing (Minor) at 18:25

3rd period

3. Coyotes , Marian Gaborik 2 (Tyler Ennis 1, Nazem Kadri 3) at 4:12 (PP)
4. Blues , Ryan O'Reilly 1 (Cody Ceci 3) at 17:11
5. Coyotes , Jamie Arniel 1 (Michael Del Zotto 1, Evgeny Artyukhin 1) at 18:53

Penalties :
Vincent Lecavalier (STL) for Tripping (Minor) at 1:19, Shayne Gostisbehere (STL) for Hooking (Minor) at 4:03, Brad Richards (Ari) for Interference (Minor) at 5:17, Ryan O'Reilly (STL) for Hooking (Minor) at 9:21, Jordan Eberle (STL) for Slashing (Minor) at 19:26

Goalie Stats

Maxime Daigneault (Ari), 24 saves from 26 shots - (0.923), W, 1-1-0, 60:00 minutes
Carey Price (STL), 30 saves from 33 shots - (0.909), L, 1-1-0, 60:00 minutes

Players Stats for Coyotes

Player Name              G  A  P  +/- PIM S  H  SB GA TA FO     MP     PP MP  PK MP  
------------------------------------------------------------------------------------
Anton Stralman           0  0  0  -1  2   4  1  1  1  0  0/0    27:17   9:17   2:01 
Brad Richards            0  1  1  -1  2   3  2  1  0  0  8/21   20:29   5:43   2:05 
Chris Stewart            0  0  0   0  0   1  0  0  0  0  0/1    15:56   5:43   0:00 
Evgeny Artyukhin         0  1  1   1  0   1  0  0  0  0  1/1     9:46   0:00   0:00 
Jamie Arniel             1  0  1   1  0   2  0  0  0  1  3/6    12:27   0:00   2:08 
Jonathan Ferland         0  0  0  -1  0   0  1  0  0  0  0/0     8:35   0:00   0:00 
Josh Gorges              0  0  0   1  0   1  3  0  0  1  0/0    22:23   3:59   2:15 
Kristopher Letang        0  1  1  -1  0   0  2  2  0  0  0/0    26:43   9:17   3:22 
Marian Gaborik           1  0  1  -1  0   3  1  0  1  1  0/1    19:14   7:33   0:00 
Martin Samuelsson        0  0  0   1  0   1  3  0  0  1  1/1    12:59   0:00   3:05 
Matt Donovan             0  0  0  -1  0   0  0  0  0  0  0/0    11:05   0:00   1:05 
Michael Del Zotto        0  1  1   1  0   6  3  2  1  0  0/0    21:34   3:59   2:06 
Nazem Kadri              0  1  1   0  0   4  1  0  1  0  12/18  19:14   7:33   1:31 
Nick Bonino              0  0  0  -1  0   1  1  1  0  0  0/2     8:48   0:00   0:13 
Ramzi Abid               0  0  0  -1  0   1  0  0  0  0  0/0     9:24   0:00   0:49 
Thomas Hickey            0  0  0  -1  0   0  0  0  0  0  0/0    10:30   0:00   1:05 
Tyler Ennis              0  1  1   0  0   3  1  0  0  1  2/3    17:49   7:33   0:15 
Zach Parise              1  0  1  -1  2   2  1  1  0  0  1/3    19:47   5:43   1:48 

Players Stats for Blues

Player Name              G  A  P  +/- PIM S  H  SB GA TA FO     MP     PP MP  PK MP  
------------------------------------------------------------------------------------
Alex Pietrangelo         0  0  0   2  0   4  3  4  2  0  0/0    27:23   3:08   8:19 
Cody Ceci                0  2  2   2  0   0  1  1  0  1  0/0    24:09   0:00   5:12 
D.J King                 1  0  1   1  0   4  1  0  0  0  0/0     9:02   0:21   1:10 
Drew Shore               0  1  1   1  0   1  0  0  0  0  5/18   15:53   0:28   7:39 
Fabian Brunnstrom        0  0  0   0  0   2  2  0  0  0  0/0     8:19   0:00   0:00 
Filip Forsberg           0  0  0   0  2   1  1  1  0  0  0/1    18:02   2:16   2:25 
Gustav Nyquist           0  0  0   1  0   0  1  1  0  0  0/0     9:08   0:55   0:00 
Jake Gardiner            0  0  0  -1  2   0  4  1  0  0  0/0    22:25   3:08   4:12 
Jordan Eberle            0  0  0   0  2   1  1  0  0  0  0/0    22:42   2:15   7:45 
Kurt Sauer               0  0  0   0  2   1  1  0  0  0  0/0    12:20   2:49   0:00 
Nick Palmieri            0  0  0   0  0   3  4  0  0  0  3/3    10:38   3:00   0:00 
Nicklas Backstrom        0  0  0   0  2   4  2  1  0  0  12/20  14:57   2:12   0:00 
Ryan O'Reilly            1  0  1   0  2   4  0  2  0  0  5/9    15:06   3:00   1:00 
Sergei Shirokov          0  0  0   0  0   0  0  1  0  0  1/1    12:05   0:24   0:00 
Shayne Gostisbehere      0  0  0   0  2   0  0  0  0  0  0/0    15:23   2:49   1:50 
Simon Gagné              0  0  0   0  0   0  5  0  2  1  0/0    18:46   3:00   3:41 
Vincent Lecavalier       0  0  0   0  2   1  1  0  0  0  3/5    11:36   0:00   2:52 
Yann Sauvé               0  0  0  -1  2   0  2  6  1  2  0/0    18:41   0:00   6:59 

3 Stars

1 - Cody Ceci (STL)
2 - Jamie Arniel (Ari)
3 - Michael Del Zotto (Ari)

Power Play

Coyotes - 2 on 9 Attempt(s) - 22.22%
Blues - 0 on 3 Attempt(s) - 0.00%

Penalty Kill

Coyotes - 3 on 3 Attempt(s) - 100.00% - Score 0 goal in Penalty Kill
Blues - 7 on 9 Attempt(s) - 77.78% - Score 0 goal in Penalty Kill

Team Stat

Coyotes - Hits : 20 - Faceoff Wins : 28 - Blocked Shots : 8 - Penalty Minutes : 6
Blues - Hits : 29 - Faceoff Wins : 29 - Blocked Shots : 18 - Penalty Minutes : 18

Official

Referees : Unknown
Linesman : Unknown

Game Notes

No Game Note

Finance

Level 1 -- Attendance: 6000 (100.00%) -- Ticket Income $660,000
Level 2 -- Attendance: 4690 (93.80%) -- Ticket Income $337,680
Level 3 -- Attendance: 1985 (99.25%) -- Ticket Income $89,325
Level 4 -- Attendance: 3596 (89.90%) -- Ticket Income $107,880
Luxury Box -- Attendance: 904 (90.40%) -- Ticket Income $180,800
Game was played at the Scotttrade center.
Total Attendance: 17175 (95.42%)
Total Ticket Income: $1,375,685
Other Income: $206,353
Total Income: $1,582,038

Coyotes

5 vs 5 Forward 
   Center                   Left Wing                Right Wing               Time % Phy DF OF 
 1 Brad Richards            Zach Parise              Marian Gaborik           38     0   3  2  
 2 Nazem Kadri              Tyler Ennis              Chris Stewart            32     0   3  2  
 3 Jamie Arniel             Martin Samuelsson        Evgeny Artyukhin         20     0   3  2  
 4 Nick Bonino              Ramzi Abid               Jonathan Ferland         10     1   3  1  

5 vs 5 Defense 
   Defense                  Defense                                           Time % Phy DF OF 
 1 Kristopher Letang        Anton Stralman                                    40     0   3  2  
 2 Josh Gorges              Michael Del Zotto                                 35     1   2  2  
 3 Thomas Hickey            Matt Donovan                                      25     0   3  2  
 4 Kristopher Letang        Anton Stralman                                    0      1   2  2  

PowerPlay Forward 
   Center                   Left Wing                Right Wing               Time % Phy DF OF 
 1 Nazem Kadri              Tyler Ennis              Marian Gaborik           60     0   1  4  
 2 Brad Richards            Zach Parise              Chris Stewart            40     0   1  4  

PowerPlay Defense
   Defense                  Defense                                           Time % Phy DF OF 
 1 Kristopher Letang        Anton Stralman                                    60     0   2  3  
 2 Josh Gorges              Michael Del Zotto                                 40     0   2  3  

Penalty Kill 4 Players Forward 
   Center                   Wing                     Time % Phy DF OF 
 1 Brad Richards            Zach Parise              50     1   3  1  
 2 Jamie Arniel             Martin Samuelsson        50     1   3  1  

Penalty Kill 4 Players Defense
   Defense                  Defense                  Time % Phy DF OF 
 1 Kristopher Letang        Anton Stralman           60     1   4  0  
 2 Josh Gorges              Michael Del Zotto        40     1   4  0  

Penalty Kill - 3 Players Forward 
   Forward                                           Time % Phy DF OF 
 1 Zach Parise                                       60     1   4  0  
 2 Martin Samuelsson                                 40     1   4  0  

Penalty Kill - 3 Players Defense
   Defense                  Defense                  Time % Phy DF OF 
 1 Kristopher Letang        Anton Stralman           60     1   2  2  
 2 Josh Gorges              Michael Del Zotto        40     1   2  2  

4 vs 4 Forward 
   Center                   Wing                     Time % Phy DF OF 
 1 Brad Richards            Zach Parise              60     1   2  2  
 2 Nazem Kadri              Tyler Ennis              40     1   2  2  

4 vs 4 Defense
   Defense                  Defense                  Time % Phy DF OF 
 1 Kristopher Letang        Anton Stralman           60     1   2  2  
 2 Josh Gorges              Michael Del Zotto        40     1   2  2  

Last Minutes Offensive
   Center                   Left Wing                Right Wing               Defense                  Defense                  
   Brad Richards            Tyler Ennis              Marian Gaborik           Kristopher Letang        Michael Del Zotto        

Last Minutes Defensive
   Center                   Left Wing                Right Wing               Defense                  Defense                  
   Brad Richards            Zach Parise              Marian Gaborik           Josh Gorges              Anton Stralman           

Goaltenders
Starting : Maxime Daigneault        
Backup : Thomas McCollum          

Extra Forwards
Normal : Jamie Arniel, Evgeny Artyukhin, Martin Samuelsson - PP : Jamie Arniel, Evgeny Artyukhin - PK : Martin Samuelsson
Extra Defensemen
Normal : Thomas Hickey, Matt Donovan, Josh Gorges - PP : Thomas Hickey - PK : Matt Donovan, Josh Gorges
Penalty Shots
Tyler Ennis, Marian Gaborik, Zach Parise, Nazem Kadri, Brad Richards

Scratches
Andrew MacDonald (Healthy), Mike Weber (Healthy)

Blues

5 vs 5 Forward 
   Center                   Left Wing                Right Wing               Time % Phy DF OF 
 1 Nicklas Backstrom        Filip Forsberg           Jordan Eberle            40     1   2  2  
 2 Ryan O'Reilly            Simon Gagné              Sergei Shirokov          30     1   2  2  
 3 Vincent Lecavalier       Fabian Brunnstrom        Nick Palmieri            20     1   2  2  
 4 Drew Shore               D.J King                 Gustav Nyquist           10     1   2  2  

5 vs 5 Defense 
   Defense                  Defense                                           Time % Phy DF OF 
 1 Alex Pietrangelo         Cody Ceci                                         40     1   2  2  
 2 Yann Sauvé               Jake Gardiner                                     30     1   2  2  
 3 Kurt Sauer               Shayne Gostisbehere                               20     1   2  2  
 4 Cody Ceci                Jake Gardiner                                     10     1   2  2  

PowerPlay Forward 
   Center                   Left Wing                Right Wing               Time % Phy DF OF 
 1 Nicklas Backstrom        Filip Forsberg           Jordan Eberle            60     1   2  2  
 2 Ryan O'Reilly            Simon Gagné              Nick Palmieri            40     1   2  2  

PowerPlay Defense
   Defense                  Defense                                           Time % Phy DF OF 
 1 Alex Pietrangelo         Jake Gardiner                                     60     1   2  2  
 2 Shayne Gostisbehere      Kurt Sauer                                        40     1   2  2  

Penalty Kill 4 Players Forward 
   Center                   Wing                     Time % Phy DF OF 
 1 Drew Shore               Jordan Eberle            60     1   2  2  
 2 Vincent Lecavalier       Simon Gagné              40     1   2  2  

Penalty Kill 4 Players Defense
   Defense                  Defense                  Time % Phy DF OF 
 1 Alex Pietrangelo         Yann Sauvé               60     1   2  2  
 2 Jake Gardiner            Cody Ceci                40     1   2  2  

Penalty Kill - 3 Players Forward 
   Forward                                           Time % Phy DF OF 
 1 Drew Shore                                        60     1   2  2  
 2 Jordan Eberle                                     40     1   2  2  

Penalty Kill - 3 Players Defense
   Defense                  Defense                  Time % Phy DF OF 
 1 Alex Pietrangelo         Cody Ceci                60     1   2  2  
 2 Jake Gardiner            Yann Sauvé               40     1   2  2  

4 vs 4 Forward 
   Center                   Wing                     Time % Phy DF OF 
 1 Nicklas Backstrom        Sergei Shirokov          60     1   2  2  
 2 Vincent Lecavalier       Jordan Eberle            40     1   2  2  

4 vs 4 Defense
   Defense                  Defense                  Time % Phy DF OF 
 1 Alex Pietrangelo         Cody Ceci                60     1   2  2  
 2 Jake Gardiner            Shayne Gostisbehere      40     1   2  2  

Last Minutes Offensive
   Center                   Left Wing                Right Wing               Defense                  Defense                  
   Nicklas Backstrom        Simon Gagné              Jordan Eberle            Alex Pietrangelo         Jake Gardiner            

Last Minutes Defensive
   Center                   Left Wing                Right Wing               Defense                  Defense                  
   Drew Shore               Fabian Brunnstrom        Jordan Eberle            Yann Sauvé               Cody Ceci                

Goaltenders
Starting : Carey Price              
Backup : Pascal Leclaire          

Extra Forwards
Normal : Fabian Brunnstrom, Vincent Lecavalier, Jordan Eberle - PP : Gustav Nyquist, Nicklas Backstrom - PK : Filip Forsberg
Extra Defensemen
Normal : Shayne Gostisbehere, Cody Ceci, Jake Gardiner - PP : Shayne Gostisbehere - PK : Shayne Gostisbehere, Jake Gardiner
Penalty Shots
D.J King, Vincent Lecavalier, Jordan Eberle, Nicklas Backstrom, Fabian Brunnstrom

Scratches
David Perron (Lacerated Left Calf Injury), Justin Falk (Healthy)

% Time on Ice - Coyotes

Lines # - Real PCT - Wanted PCT - Time Play
Normal Forward
1 - 29% - 38% - 11:32
2 - 26% - 32% - 10:21
3 - 24% - 20% - 9:46
4 - 21% - 10% - 8:35
Normal Defense
1 - 39% - 40% - 15:40
2 - 37% - 35% - 14:42
3 - 25% - 25% - 9:52
4 - 0% - 0% - 0:00
PP Forward
1 - 57% - 60% - 7:33
2 - 43% - 40% - 5:43
PP Defense
1 - 70% - 60% - 9:17
2 - 30% - 40% - 3:59
PK Forward
1 - 62% - 50% - 3:42
2 - 38% - 50% - 2:15
PK Defense
1 - 65% - 60% - 3:51
2 - 35% - 40% - 2:06
PK3 Forward
1 - 0% - 60%
2 - 0% - 40%
PK3 Defense
1 - 0% - 60%
2 - 0% - 40%
44 Forward
1 - 0% - 60%
2 - 0% - 40%
44 Defense
1 - 0% - 60%
2 - 0% - 40%
Last Minute Offensive  - 0:00
Last Minute Defensive  - 0:33
Total
Forward - 60:00
Defense - 60:00

% Time on Ice - Blues

Lines # - Real PCT - Wanted PCT - Time Play
Normal Forward
1 - 32% - 40% - 12:53
2 - 30% - 30% - 12:05
3 - 19% - 20% - 7:46
4 - 19% - 10% - 7:30
Normal Defense
1 - 42% - 40% - 16:50
2 - 31% - 30% - 12:17
3 - 22% - 20% - 8:56
4 - 5% - 10% - 2:11
PP Forward
1 - 50% - 60% - 2:57
2 - 50% - 40% - 3:00
PP Defense
1 - 53% - 60% - 3:08
2 - 47% - 40% - 2:49
PK Forward
1 - 71% - 60% - 9:23
2 - 29% - 40% - 3:53
PK Defense
1 - 65% - 60% - 8:39
2 - 35% - 40% - 4:37
PK3 Forward
1 - 0% - 60%
2 - 0% - 40%
PK3 Defense
1 - 0% - 60%
2 - 0% - 40%
44 Forward
1 - 0% - 60%
2 - 0% - 40%
44 Defense
1 - 0% - 60%
2 - 0% - 40%
Last Minute Offensive  - 0:33
Last Minute Defensive  - 0:00
Total
Forward - 60:00
Defense - 60:00

Play-by-Play

1st period


0:01 of 1st period - Brad Richards wins face-off versus Nicklas Backstrom in neutral zone.
0:10 of 1st period - Snap shot by Nicklas Backstrom.
0:10 of 1st period - Stopped by Maxime Daigneault with a rebound.
0:12 of 1st period - Snap shot by Alex Pietrangelo.
0:12 of 1st period - Deflect By Filip Forsberg.
0:12 of 1st period - Shot Misses the Net.
0:12 of 1st period - Puck is out of play.
0:13 of 1st period - Ryan O'Reilly wins face-off versus Nazem Kadri in Coyotes zone.
0:18 of 1st period - Backhand shot by Sergei Shirokov.
0:18 of 1st period - Shot Misses the Net.
0:20 of 1st period - Wrist shot by Simon Gagné.
0:20 of 1st period - Shot Misses the Net.
0:22 of 1st period - Wrist shot by Simon Gagné.
0:22 of 1st period - Shot Misses the Net.
0:45 of 1st period - Off-side.
0:46 of 1st period - Jamie Arniel wins face-off versus Nicklas Backstrom in neutral zone.
1:13 of 1st period - Shayne Gostisbehere is hit by Marian Gaborik and loses puck.
1:18 of 1st period - Snap shot by Marian Gaborik.
1:18 of 1st period - Shot Misses the Net.
1:20 of 1st period - Slapshot by Kristopher Letang.
1:20 of 1st period - Shot Blocked by Gustav Nyquist.
1:22 of 1st period - Snap shot by Brad Richards.
1:22 of 1st period - Stopped by Carey Price without a rebound.
1:23 of 1st period - Vincent Lecavalier wins face-off versus Nick Bonino in Blues zone.
2:32 of 1st period - Slapshot by Gustav Nyquist.
2:32 of 1st period - Deflect By D.J King.
2:32 of 1st period - Stopped by Maxime Daigneault without a rebound.
2:33 of 1st period - Nazem Kadri wins face-off versus Drew Shore in Coyotes zone.
3:07 of 1st period - Snap shot by Nazem Kadri.
3:07 of 1st period - Stopped by Carey Price without a rebound.
3:08 of 1st period - Brad Richards wins face-off versus Nicklas Backstrom in Blues zone.
3:17 of 1st period - Snap shot by Zach Parise.
3:17 of 1st period - Shot Misses the Net.
3:19 of 1st period - Snap shot by Brad Richards.
3:19 of 1st period - Deflect By Zach Parise.
3:19 of 1st period - Shot Blocked by Nicklas Backstrom.
3:19 of 1st period - Puck is out of play.
3:20 of 1st period - Zach Parise wins face-off versus Nicklas Backstrom in Blues zone.
4:08 of 1st period - Wrist shot by Nick Palmieri.
4:08 of 1st period - Stopped by Maxime Daigneault without a rebound.
4:09 of 1st period - Tyler Ennis wins face-off versus Vincent Lecavalier in Coyotes zone.
4:09 of 1st period - Tyler Ennis is hit by Fabian Brunnstrom.
4:25 of 1st period - Snap shot by Tyler Ennis.
4:25 of 1st period - Stopped by Carey Price without a rebound.
4:26 of 1st period - Nicklas Backstrom wins face-off versus Brad Richards in Blues zone.
4:35 of 1st period - Wrist shot by Nicklas Backstrom.
4:35 of 1st period - Deflect By Jordan Eberle.
4:35 of 1st period - Shot Misses the Net.
4:35 of 1st period - Puck is out of play.
4:36 of 1st period - Brad Richards wins face-off versus Nicklas Backstrom in Coyotes zone.
4:51 of 1st period - Snap shot by Nicklas Backstrom.
4:51 of 1st period - Stopped by Maxime Daigneault without a rebound.
4:52 of 1st period - Ryan O'Reilly wins face-off versus Jamie Arniel in Coyotes zone.
4:53 of 1st period - Slapshot by Sergei Shirokov.
4:53 of 1st period - Shot Misses the Net.
5:03 of 1st period - Snap shot by Ryan O'Reilly.
5:03 of 1st period - Stopped by Maxime Daigneault without a rebound.
5:04 of 1st period - Brad Richards wins face-off versus Ryan O'Reilly in Coyotes zone.
5:55 of 1st period - Tyler Ennis is hit by Nicklas Backstrom and loses puck.
6:20 of 1st period - Snap shot by Nicklas Backstrom.
6:20 of 1st period - Shot Misses the Net.
7:04 of 1st period - Slapshot by Alex Pietrangelo.
7:04 of 1st period - Stopped by Maxime Daigneault without a rebound.
7:05 of 1st period - Nick Palmieri wins face-off versus Brad Richards in Coyotes zone.
7:08 of 1st period - Snap shot by Nick Palmieri.
7:08 of 1st period - Stopped by Maxime Daigneault with a rebound.
7:15 of 1st period - Minor Penalty to Anton Stralman for Hooking.
7:16 of 1st period - Ryan O'Reilly wins face-off versus Brad Richards in Coyotes zone.
7:27 of 1st period - Slapshot by Alex Pietrangelo.
7:27 of 1st period - Shot Blocked by Zach Parise.
7:29 of 1st period - Slapshot by Simon Gagné.
7:29 of 1st period - Shot Misses the Net.
7:31 of 1st period - Wrist shot by Simon Gagné.
7:31 of 1st period - Shot Hit the Post.
7:33 of 1st period - Snap shot by Ryan O'Reilly.
7:33 of 1st period - Stopped by Maxime Daigneault with a rebound.
8:35 of 1st period - Kristopher Letang is hit by Jake Gardiner and loses puck.
9:15 of 1st period - Penalty to Anton Stralman is over, Anton Stralman is back on ice.
9:18 of 1st period - Jamie Arniel is hit by Filip Forsberg.
10:13 of 1st period - Slapshot by Anton Stralman.
10:13 of 1st period - Shot Blocked by Ryan O'Reilly.
10:38 of 1st period - Wrist shot by Chris Stewart.
10:38 of 1st period - Shot Misses the Net.
11:22 of 1st period - Nicklas Backstrom is hit by Nazem Kadri and loses puck.
11:45 of 1st period - Slapshot by Jamie Arniel.
11:45 of 1st period - Shot Misses the Net.
12:27 of 1st period - Jake Gardiner is hit by Tyler Ennis and loses puck.
12:42 of 1st period - Jake Gardiner is hit by Zach Parise and loses puck.
12:51 of 1st period - Wrist shot by Alex Pietrangelo.
12:51 of 1st period - Stopped by Maxime Daigneault with a rebound.
12:59 of 1st period - Jonathan Ferland is hit by Alex Pietrangelo.
13:24 of 1st period - Nazem Kadri is hit by Cody Ceci.
13:33 of 1st period - Anton Stralman is hit by D.J King and loses puck.
13:54 of 1st period - Snap shot by Drew Shore.
13:54 of 1st period - Deflect By D.J King.
13:54 of 1st period - Stopped by Maxime Daigneault with a rebound.
13:56 of 1st period - Wrist shot by D.J King.
13:56 of 1st period - Stopped by Maxime Daigneault with a rebound.
13:58 of 1st period - Snap shot by D.J King.
13:58 of 1st period - Deflect By Drew Shore.
13:58 of 1st period - Stopped by Maxime Daigneault without a rebound.
13:59 of 1st period - Jamie Arniel wins face-off versus Ryan O'Reilly in Coyotes zone.
14:28 of 1st period - Slapshot by Jake Gardiner.
14:28 of 1st period - Shot Hit the Post.
15:54 of 1st period - Wrist shot by Tyler Ennis.
15:54 of 1st period - Stopped by Carey Price with a rebound.
16:09 of 1st period - Minor Penalty to Yann Sauvé for Goalie Interference.
16:10 of 1st period - Drew Shore wins face-off versus Nazem Kadri in Blues zone.
16:22 of 1st period - Jordan Eberle is hit by Kristopher Letang and loses puck.
16:43 of 1st period - Filip Forsberg is hit by Brad Richards and loses puck.
17:10 of 1st period - Tyler Ennis is hit by Alex Pietrangelo and loses puck.
18:09 of 1st period - Penalty to Yann Sauvé is over, Yann Sauvé is back on ice.
18:23 of 1st period - Evgeny Artyukhin is hit by Nick Palmieri and loses puck.
18:44 of 1st period - Thomas Hickey is hit by Simon Gagné and loses puck.
19:09 of 1st period - Marian Gaborik is hit by Gustav Nyquist and loses puck.
19:33 of 1st period - Evgeny Artyukhin is hit by Vincent Lecavalier.
19:43 of 1st period - Tyler Ennis is hit by Nicklas Backstrom and loses puck.
Goals for this period are 0 for Coyotes vs 0 for Blues.
Shots for this period are 4 for Coyotes vs 12 for Blues.

2nd period


0:01 of 2nd period - Nicklas Backstrom wins face-off versus Brad Richards in neutral zone.
0:11 of 2nd period - Snap shot by Brad Richards.
0:11 of 2nd period - Shot Blocked by Filip Forsberg.
0:13 of 2nd period - Snap shot by Anton Stralman.
0:13 of 2nd period - Stopped by Carey Price without a rebound.
0:14 of 2nd period - Ryan O'Reilly wins face-off versus Brad Richards in Blues zone.
0:14 of 2nd period - Ryan O'Reilly is hit by Brad Richards.
0:22 of 2nd period - Kristopher Letang is hit by Simon Gagné and loses puck.
0:29 of 2nd period - Snap shot by Sergei Shirokov.
0:29 of 2nd period - Shot Misses the Net.
1:06 of 2nd period - Michael Del Zotto is hit by Fabian Brunnstrom and loses puck.
1:17 of 2nd period - Wrist shot by Vincent Lecavalier.
1:17 of 2nd period - Shot Misses the Net.
1:35 of 2nd period - Wrist shot by Marian Gaborik.
1:35 of 2nd period - Shot Blocked by Ryan O'Reilly.
1:51 of 2nd period - Snap shot by Ramzi Abid.
1:51 of 2nd period - Stopped by Carey Price with a rebound.
1:53 of 2nd period - Slapshot by Michael Del Zotto.
1:53 of 2nd period - Stopped by Carey Price with a rebound.
1:55 of 2nd period - Snap shot by Ramzi Abid.
1:55 of 2nd period - Shot Misses the Net.
1:57 of 2nd period - Slapshot by Josh Gorges.
1:57 of 2nd period - Stopped by Carey Price without a rebound.
1:58 of 2nd period - Nicklas Backstrom wins face-off versus Jamie Arniel in Blues zone.
1:58 of 2nd period - Nicklas Backstrom is hit by Martin Samuelsson.
2:30 of 2nd period - Slapshot by Nick Palmieri.
2:30 of 2nd period - Stopped by Maxime Daigneault with a rebound.
2:32 of 2nd period - Slapshot by Yann Sauvé.
2:32 of 2nd period - Shot Misses the Net.
2:34 of 2nd period - Wrist shot by Vincent Lecavalier.
2:34 of 2nd period - Stopped by Maxime Daigneault with a rebound.
2:36 of 2nd period - Slapshot by Fabian Brunnstrom.
2:36 of 2nd period - Stopped by Maxime Daigneault with a rebound.
4:00 of 2nd period - Nazem Kadri is hit by Simon Gagné and loses puck.
5:13 of 2nd period - Snap shot by Michael Del Zotto.
5:13 of 2nd period - Shot Blocked by Yann Sauvé.
5:15 of 2nd period - Wrist shot by Jamie Arniel.
5:15 of 2nd period - Shot Misses the Net.
5:17 of 2nd period - Snap shot by Martin Samuelsson.
5:17 of 2nd period - Shot Blocked by Yann Sauvé.
5:19 of 2nd period - Slapshot by Michael Del Zotto.
5:19 of 2nd period - Stopped by Carey Price without a rebound.
5:20 of 2nd period - Nicklas Backstrom wins face-off versus Marian Gaborik in Blues zone.
5:22 of 2nd period - Minor Penalty to Nicklas Backstrom for Hooking.
5:23 of 2nd period - Nazem Kadri wins face-off versus Drew Shore in Blues zone.
5:23 of 2nd period - Snap shot by Tyler Ennis.
5:23 of 2nd period - Shot Blocked by Yann Sauvé.
5:33 of 2nd period - Snap shot by Kristopher Letang.
5:33 of 2nd period - Shot Blocked by Alex Pietrangelo.
6:02 of 2nd period - Slapshot by Kristopher Letang.
6:02 of 2nd period - Deflect By Zach Parise.
6:02 of 2nd period - Goal by Zach Parise - Coyotes : 1 - Blues : 0.
6:03 of 2nd period - Nicklas Backstrom wins face-off versus Brad Richards in neutral zone.
6:14 of 2nd period - Minor Penalty to Zach Parise for Roughing.
6:15 of 2nd period - Nicklas Backstrom wins face-off versus Brad Richards in Coyotes zone.
6:24 of 2nd period - Wrist shot by Nicklas Backstrom.
6:24 of 2nd period - Stopped by Maxime Daigneault with a rebound.
7:48 of 2nd period - Nazem Kadri is hit by Nick Palmieri and loses puck.
8:14 of 2nd period - Penalty to Zach Parise is over, Zach Parise is back on ice.
8:33 of 2nd period - Thomas Hickey is hit by Alex Pietrangelo and loses puck.
9:08 of 2nd period - Snap shot by Nazem Kadri.
9:08 of 2nd period - Stopped by Carey Price without a rebound.
9:09 of 2nd period - Drew Shore wins face-off versus Nazem Kadri in Blues zone.
9:18 of 2nd period - Snap shot by Tyler Ennis.
9:18 of 2nd period - Deflect By Chris Stewart.
9:18 of 2nd period - Stopped by Carey Price without a rebound.
9:19 of 2nd period - Nazem Kadri wins face-off versus Ryan O'Reilly in Blues zone.
9:36 of 2nd period - Snap shot by Ryan O'Reilly.
9:36 of 2nd period - Stopped by Maxime Daigneault without a rebound.
9:37 of 2nd period - Nicklas Backstrom wins face-off versus Brad Richards in Coyotes zone.
9:40 of 2nd period - Snap shot by Nicklas Backstrom.
9:40 of 2nd period - Deflect By Jordan Eberle.
9:40 of 2nd period - Stopped by Maxime Daigneault with a rebound.
9:43 of 2nd period - Icing by Kristopher Letang.
9:44 of 2nd period - Nicklas Backstrom wins face-off versus Zach Parise in Coyotes zone.
9:51 of 2nd period - Slapshot by Nicklas Backstrom.
9:51 of 2nd period - Stopped by Maxime Daigneault without a rebound.
9:52 of 2nd period - Nicklas Backstrom wins face-off versus Brad Richards in Coyotes zone.
10:09 of 2nd period - Wrist shot by Marian Gaborik.
10:09 of 2nd period - Shot Blocked by Cody Ceci.
10:25 of 2nd period - Snap shot by Sergei Shirokov.
10:25 of 2nd period - Shot Misses the Net.
10:28 of 2nd period - Minor Penalty to Jake Gardiner for Hooking.
10:29 of 2nd period - Nazem Kadri wins face-off versus Drew Shore in Blues zone.
10:38 of 2nd period - Wrist shot by Marian Gaborik.
10:38 of 2nd period - Shot Misses the Net.
10:40 of 2nd period - Slapshot by Nazem Kadri.
10:40 of 2nd period - Shot Blocked by Alex Pietrangelo.
10:42 of 2nd period - Slapshot by Kristopher Letang.
10:42 of 2nd period - Shot Misses the Net.
10:44 of 2nd period - Snap shot by Nazem Kadri.
10:44 of 2nd period - Stopped by Carey Price with a rebound.
10:46 of 2nd period - Slapshot by Anton Stralman.
10:46 of 2nd period - Stopped by Carey Price with a rebound.
12:28 of 2nd period - Penalty to Jake Gardiner is over, Jake Gardiner is back on ice.
12:42 of 2nd period - Matt Donovan is hit by Jake Gardiner and loses puck.
13:00 of 2nd period - Matt Donovan is hit by Simon Gagné.
13:52 of 2nd period - Alex Pietrangelo is hit by Josh Gorges and loses puck.
14:01 of 2nd period - Wrist shot by D.J King.
14:01 of 2nd period - Shot Misses the Net.
14:03 of 2nd period - Slapshot by D.J King.
14:03 of 2nd period - Shot Misses the Net.
14:05 of 2nd period - Wrist shot by Drew Shore.
14:05 of 2nd period - Shot Misses the Net.
14:21 of 2nd period - Slapshot by Alex Pietrangelo.
14:21 of 2nd period - Stopped by Maxime Daigneault with a rebound.
14:23 of 2nd period - Wrist shot by D.J King.
14:23 of 2nd period - Shot Blocked by Nick Bonino.
14:25 of 2nd period - Wrist shot by Alex Pietrangelo.
14:25 of 2nd period - Stopped by Maxime Daigneault with a rebound.
14:27 of 2nd period - Wrist shot by Drew Shore.
14:27 of 2nd period - Shot Blocked by Anton Stralman.
14:29 of 2nd period - Snap shot by Drew Shore.
14:29 of 2nd period - Shot Misses the Net.
14:31 of 2nd period - Snap shot by Drew Shore.
14:31 of 2nd period - Shot Blocked by Kristopher Letang.
14:33 of 2nd period - Slapshot by Cody Ceci.
14:33 of 2nd period - Shot Misses the Net.
14:35 of 2nd period - Snap shot by D.J King.
14:35 of 2nd period - Goal by D.J King - Coyotes : 1 - Blues : 1.
14:36 of 2nd period - Brad Richards wins face-off versus Nicklas Backstrom in neutral zone.
14:41 of 2nd period - Slapshot by Michael Del Zotto.
14:41 of 2nd period - Stopped by Carey Price without a rebound.
14:42 of 2nd period - Brad Richards wins face-off versus Nicklas Backstrom in Blues zone.
14:51 of 2nd period - Snap shot by Zach Parise.
14:51 of 2nd period - Stopped by Carey Price without a rebound.
14:52 of 2nd period - Brad Richards wins face-off versus Filip Forsberg in Blues zone.
14:57 of 2nd period - Wrist shot by Marian Gaborik.
14:57 of 2nd period - Shot Blocked by Yann Sauvé.
14:59 of 2nd period - Wrist shot by Brad Richards.
14:59 of 2nd period - Stopped by Carey Price with a rebound.
15:01 of 2nd period - Slapshot by Kristopher Letang.
15:01 of 2nd period - Deflect By Brad Richards.
15:01 of 2nd period - Stopped by Carey Price without a rebound.
15:02 of 2nd period - Nicklas Backstrom wins face-off versus Brad Richards in Blues zone.
15:28 of 2nd period - Minor Penalty to Filip Forsberg for Hooking.
15:29 of 2nd period - Nazem Kadri wins face-off versus Drew Shore in Blues zone.
15:56 of 2nd period - Zach Parise is hit by Simon Gagné.
15:57 of 2nd period - Icing by Zach Parise.
15:58 of 2nd period - Vincent Lecavalier wins face-off versus Zach Parise in Coyotes zone.
16:05 of 2nd period - Slapshot by Anton Stralman.
16:05 of 2nd period - Deflect By Zach Parise.
16:05 of 2nd period - Shot Misses the Net.
16:05 of 2nd period - Puck is out of play.
16:06 of 2nd period - Nazem Kadri wins face-off versus Drew Shore in Blues zone.
16:18 of 2nd period - Off-side.
16:19 of 2nd period - Nazem Kadri wins face-off versus Drew Shore in neutral zone.
16:24 of 2nd period - Snap shot by Tyler Ennis.
16:24 of 2nd period - Stopped by Carey Price with a rebound.
16:26 of 2nd period - Slapshot by Kristopher Letang.
16:26 of 2nd period - Shot Misses the Net.
16:28 of 2nd period - Slapshot by Tyler Ennis.
16:28 of 2nd period - Shot Misses the Net.
16:30 of 2nd period - Snap shot by Anton Stralman.
16:30 of 2nd period - Stopped by Carey Price without a rebound.
16:31 of 2nd period - Drew Shore wins face-off versus Tyler Ennis in Blues zone.
17:21 of 2nd period - Cody Ceci is hit by Michael Del Zotto and loses puck.
17:28 of 2nd period - Penalty to Filip Forsberg is over, Filip Forsberg is back on ice.
17:38 of 2nd period - Sergei Shirokov is hit by Martin Samuelsson and loses puck.
17:43 of 2nd period - Snap shot by Jamie Arniel.
17:43 of 2nd period - Stopped by Carey Price with a rebound.
17:45 of 2nd period - Wrist shot by Martin Samuelsson.
17:45 of 2nd period - Stopped by Carey Price with a rebound.
17:58 of 2nd period - Off-side.
17:59 of 2nd period - Vincent Lecavalier wins face-off versus Nick Bonino in neutral zone.
18:01 of 2nd period - Shayne Gostisbehere is hit by Jonathan Ferland and loses puck.
18:25 of 2nd period - Minor Penalty to Kurt Sauer for Slashing.
18:26 of 2nd period - Nazem Kadri wins face-off versus Drew Shore in Blues zone.
18:29 of 2nd period - Wrist shot by Marian Gaborik.
18:29 of 2nd period - Stopped by Carey Price without a rebound.
18:30 of 2nd period - Nazem Kadri wins face-off versus Drew Shore in Blues zone.
19:53 of 2nd period - Brad Richards is hit by Jake Gardiner and loses puck.
Goals for this period are 1 for Coyotes vs 1 for Blues.
Shots for this period are 19 for Coyotes vs 10 for Blues.

3rd period


0:01 of 3rd period - Drew Shore wins face-off versus Nazem Kadri in neutral zone.
0:12 of 3rd period - Slapshot by Anton Stralman.
0:12 of 3rd period - Shot Misses the Net.
0:25 of 3rd period - Penalty to Kurt Sauer is over, Kurt Sauer is back on ice.
0:26 of 3rd period - Zach Parise is hit by Yann Sauvé.
1:19 of 3rd period - Minor Penalty to Vincent Lecavalier for Tripping.
1:20 of 3rd period - Nazem Kadri wins face-off versus Drew Shore in Blues zone.
1:30 of 3rd period - Wrist shot by Nazem Kadri.
1:30 of 3rd period - Shot Misses the Net.
2:16 of 3rd period - Snap shot by Simon Gagné.
2:16 of 3rd period - Shot Blocked by Michael Del Zotto.
3:19 of 3rd period - Penalty to Vincent Lecavalier is over, Vincent Lecavalier is back on ice.
3:35 of 3rd period - Simon Gagné is hit by Josh Gorges and loses puck.
3:54 of 3rd period - Wrist shot by Michael Del Zotto.
3:54 of 3rd period - Stopped by Carey Price with a rebound.
3:56 of 3rd period - Wrist shot by Nick Bonino.
3:56 of 3rd period - Stopped by Carey Price without a rebound.
3:57 of 3rd period - Evgeny Artyukhin wins face-off versus Drew Shore in Blues zone.
4:03 of 3rd period - Minor Penalty to Shayne Gostisbehere for Hooking.
4:04 of 3rd period - Nazem Kadri wins face-off versus Drew Shore in Blues zone.
4:10 of 3rd period - Wrist shot by Tyler Ennis.
4:10 of 3rd period - Shot Blocked by Alex Pietrangelo.
4:12 of 3rd period - Snap shot by Marian Gaborik.
4:12 of 3rd period - Goal by Marian Gaborik - Coyotes : 2 - Blues : 1.
4:13 of 3rd period - Nicklas Backstrom wins face-off versus Brad Richards in neutral zone.
4:22 of 3rd period - Snap shot by Filip Forsberg.
4:22 of 3rd period - Shot Misses the Net.
4:24 of 3rd period - Wrist shot by Filip Forsberg.
4:24 of 3rd period - Shot Blocked by Brad Richards.
4:26 of 3rd period - Snap shot by Filip Forsberg.
4:26 of 3rd period - Stopped by Maxime Daigneault with a rebound.
4:34 of 3rd period - Nicklas Backstrom is hit by Anton Stralman and loses puck.
5:17 of 3rd period - Minor Penalty to Brad Richards for Interference.
5:18 of 3rd period - Nick Palmieri wins face-off versus Jamie Arniel in Coyotes zone.
5:26 of 3rd period - Wrist shot by Nick Palmieri.
5:26 of 3rd period - Shot Blocked by Michael Del Zotto.
5:28 of 3rd period - Slapshot by Kurt Sauer.
5:28 of 3rd period - Deflect By Martin Samuelsson.
5:28 of 3rd period - Stopped by Maxime Daigneault without a rebound.
5:29 of 3rd period - Jamie Arniel wins face-off versus Ryan O'Reilly in Coyotes zone.
7:17 of 3rd period - Penalty to Brad Richards is over, Brad Richards is back on ice.
7:18 of 3rd period - Icing by Zach Parise.
7:19 of 3rd period - Sergei Shirokov wins face-off versus Nazem Kadri in Coyotes zone.
8:23 of 3rd period - Sergei Shirokov is hit by Nick Bonino and loses puck.
8:40 of 3rd period - Slapshot by Fabian Brunnstrom.
8:40 of 3rd period - Stopped by Maxime Daigneault with a rebound.
9:21 of 3rd period - Minor Penalty to Ryan O'Reilly for Hooking.
9:22 of 3rd period - Tyler Ennis wins face-off versus Drew Shore in Blues zone.
9:56 of 3rd period - Slapshot by Chris Stewart.
9:56 of 3rd period - Shot Misses the Net.
9:58 of 3rd period - Slapshot by Josh Gorges.
9:58 of 3rd period - Deflect By Zach Parise.
9:58 of 3rd period - Deflect By Vincent Lecavalier.
9:58 of 3rd period - Shot Blocked by Yann Sauvé.
9:58 of 3rd period - Puck is out of play.
9:59 of 3rd period - Drew Shore wins face-off versus Chris Stewart in Blues zone.
10:20 of 3rd period - Cody Ceci is hit by Kristopher Letang and loses puck.
11:21 of 3rd period - Penalty to Ryan O'Reilly is over, Ryan O'Reilly is back on ice.
11:32 of 3rd period - Shayne Gostisbehere is hit by Josh Gorges and loses puck.
11:47 of 3rd period - Thomas Hickey is hit by Kurt Sauer and loses puck.
12:15 of 3rd period - Tyler Ennis is hit by Nick Palmieri and loses puck.
13:10 of 3rd period - Gustav Nyquist is hit by Michael Del Zotto and loses puck.
13:19 of 3rd period - Wrist shot by Marian Gaborik.
13:19 of 3rd period - Shot Misses the Net.
13:21 of 3rd period - Slapshot by Anton Stralman.
13:21 of 3rd period - Stopped by Carey Price with a rebound.
13:41 of 3rd period - Slapshot by Alex Pietrangelo.
13:41 of 3rd period - Shot Blocked by Kristopher Letang.
13:43 of 3rd period - Slapshot by Jake Gardiner.
13:43 of 3rd period - Shot Misses the Net.
13:52 of 3rd period - Chris Stewart is hit by Nick Palmieri and loses puck.
13:57 of 3rd period - Nazem Kadri is hit by Yann Sauvé and loses puck.
14:12 of 3rd period - Wrist shot by Jordan Eberle.
14:12 of 3rd period - Shot Misses the Net.
14:42 of 3rd period - Jake Gardiner is hit by Michael Del Zotto and loses puck.
14:51 of 3rd period - Slapshot by Jake Gardiner.
14:51 of 3rd period - Shot Misses the Net.
15:21 of 3rd period - Brad Richards is hit by Jordan Eberle and loses puck.
15:40 of 3rd period - Slapshot by Nazem Kadri.
15:40 of 3rd period - Stopped by Carey Price with a rebound.
15:42 of 3rd period - Slapshot by Michael Del Zotto.
15:42 of 3rd period - Stopped by Carey Price without a rebound.
15:43 of 3rd period - Nick Palmieri wins face-off versus Nazem Kadri in Blues zone.
16:31 of 3rd period - Icing by Yann Sauvé.
16:32 of 3rd period - Ryan O'Reilly wins face-off versus Brad Richards in Blues zone.
17:11 of 3rd period - Snap shot by Ryan O'Reilly.
17:11 of 3rd period - Goal by Ryan O'Reilly - Coyotes : 2 - Blues : 2.
17:12 of 3rd period - Martin Samuelsson wins face-off versus Vincent Lecavalier in neutral zone.
17:15 of 3rd period - Slapshot by Kristopher Letang.
17:15 of 3rd period - Shot Misses the Net.
17:22 of 3rd period - Alex Pietrangelo is hit by Martin Samuelsson and loses puck.
18:19 of 3rd period - Slapshot by Michael Del Zotto.
18:19 of 3rd period - Stopped by Carey Price with a rebound.
18:25 of 3rd period - Slapshot by Michael Del Zotto.
18:25 of 3rd period - Shot Blocked by Sergei Shirokov.
18:27 of 3rd period - Snap shot by Josh Gorges.
18:27 of 3rd period - Shot Blocked by Jake Gardiner.
18:42 of 3rd period - Michael Del Zotto is hit by Jake Gardiner and loses puck.
18:47 of 3rd period - Wrist shot by Jamie Arniel.
18:47 of 3rd period - Shot Blocked by Yann Sauvé.
18:49 of 3rd period - Snap shot by Evgeny Artyukhin.
18:49 of 3rd period - Stopped by Carey Price with a rebound.
18:51 of 3rd period - Wrist shot by Michael Del Zotto.
18:51 of 3rd period - Shot Misses the Net.
18:53 of 3rd period - Snap shot by Jamie Arniel.
18:53 of 3rd period - Goal by Jamie Arniel - Coyotes : 3 - Blues : 2.
18:54 of 3rd period - Brad Richards wins face-off versus Nicklas Backstrom in neutral zone.
19:11 of 3rd period - Snap shot by Marian Gaborik.
19:11 of 3rd period - Shot Blocked by Alex Pietrangelo.
19:23 of 3rd period - Snap shot by Marian Gaborik.
19:23 of 3rd period - Stopped by Carey Price without a rebound.
19:24 of 3rd period - Claude Julien call a timeout for Blues.
19:24 of 3rd period - Nicklas Backstrom wins face-off versus Brad Richards in Blues zone.
19:26 of 3rd period - Minor Penalty to Jordan Eberle for Slashing.
19:27 of 3rd period - Nazem Kadri wins face-off versus Drew Shore in Blues zone.
Goals for this period are 2 for Coyotes vs 1 for Blues.
Shots for this period are 10 for Coyotes vs 4 for Blues.